 Dungeon Crawl Stone Soup version 0.22-a0-305-gd21a89c538 (webtiles) character file.

17948 Oravi the Covert (level 12, -1/78 HPs)
             Began as a Kobold Hunter on Mar 30, 2018.
             Was a Believer of Dithmenos.
             Killed from afar by a fire dragon (47 damage)
             ... with a blast of flame
             ... on level 13 of the Dungeon on Mar 31, 2018.
             The game lasted 01:30:37 (14976 turns).

Oravi the Covert (Kobold Hunter)                   Turns: 14976, Time: 01:30:37

Health: -1/78      AC: 13    Str: 17    XL:     12   Next: 89%
Magic:  14/14      EV: 25    Int: 14    God:    Dithmenos [**....]
Gold:   766        SH:  0    Dex: 24    Spells: 11/11 levels left

rFire    . . .     SeeInvis .   b - +5 short sword of the Jester {pierce, +Rage Dex+4 Stlth+}
rCold    + + .     Gourm    .   (shield restricted)
rNeg     . . .     Faith    .   e - +4 steam dragon scales
rPois    .         Spirit   .   R - +0 hat
rElec    .         Reflect  .   r - +0 cloak
rCorr    .         Harm     .   B - +2 pair of gloves
MR       .....                  (no boots)
Stlth    +++++++++.             o - amulet of the acrobat
HPRegen  0.23/turn              s - ring of protection from cold
MPRegen  0.14/turn              n - ring "Koskahy" {rC+ Dex+4}

@: mighty, wreathed by umbra
A: small, carnivore
a: Shadow Step, Renounce Religion, Evoke Berserk Rage


You were on level 13 of the Dungeon.
You worshipped Dithmenos.
Dithmenos was pleased with you.
You were completely stuffed.

You visited 2 branches of the dungeon, and saw 14 of its levels.

You collected 766 gold pieces.

Inventory:

Hand Weapons
 a - a +3 hand crossbow of venom
 b - the +5 short sword of the Jester (weapon) {pierce, +Rage Dex+4 Stlth+}
   (You found it on level 6 of the Dungeon)

   It inflicts extra damage upon your enemies.
   It affects your dexterity (+4).
   It lets you go berserk.
   It makes you more stealthy.
 i - a +0 short sword
 k - a +1 dagger of speed
 t - a +1 dagger of speed
 v - a +0 short sword of electrocution
 J - a +1 dagger of venom
 S - a +1 hand crossbow
Missiles
 d - 96 bolts
Armour
 c - a +2 robe of magic resistance
 e - +4 steam dragon scales (worn)
 q - the +0 leather armour "Xuosif" {rF+ rN+ Dex+6}
   (You found it on level 13 of the Dungeon)

   It affects your dexterity (+6).
   It protects you from fire.
   It protects you from negative energy.
 r - a +0 cloak (worn)
 B - a +2 pair of gloves (worn)
 C - a +0 leather armour of cold resistance
 R - a +0 hat (worn)
Jewellery
 n - the ring "Koskahy" (right hand) {rC+ Dex+4}
   (You took it off an orc on level 11 of the Dungeon)

   [ring of protection from cold]

   It affects your dexterity (+4).
   It protects you from cold.
 o - an amulet of the acrobat (around neck)
 p - a +5 ring of intelligence
 s - a ring of protection from cold (left hand)
 G - an uncursed ring of magical power
 Q - a +3 ring of intelligence
Wands
 h - a wand of enslavement (8)
 x - a wand of scattershot (5)
 I - a wand of iceblast (17)
Scrolls
 g - 2 scrolls of fear
 m - 8 scrolls of identify
 u - 2 scrolls of amnesia
 y - 5 scrolls of teleportation
 D - 3 scrolls of magic mapping
 H - 3 scrolls of blinking
 L - 3 scrolls of remove curse
 N - a scroll of holy word {unknown}
 T - a scroll of torment {unknown}
 U - a scroll of fog
Potions
 j - a potion of mutation
 l - 3 potions of cancellation
 w - a potion of resistance {unknown}
 z - a potion of flight
 A - 3 potions of might
 E - a potion of brilliance
 F - 2 potions of agility
 K - a potion of invisibility
 M - 3 potions of curing
 P - a potion of ambrosia
Comestibles
 f - 34 rations


   Skills:
 + Level 10.3 Fighting
 - Level 12.1 Short Blades
 - Level 10.1 Crossbows
 + Level 3.1 Armour
 * Level 10.3 Dodging
 * Level 13.1 Stealth
 + Level 2.8 Evocations


You had 11 spell levels left.
You didn't know any spells.

Dungeon Overview and Level Annotations

Branches:
Dungeon (13/15)            Temple (1/1) D:6            Lair (0/6) D:9
    Orc (0/2) D:10
 Vaults: D:13-14

Altars:
Ashenzari
Cheibriados
Dithmenos
Elyvilon
Fedhas
Gozag
Hepliaklqana
Kikubaaqudgha
Makhleb
Nemelex Xobeh
Okawaru
Qazlal
Ru
Sif Muna
Trog
Uskayaw
Vehumet
Wu Jian
Xom
Yredelemnul
Zin
The Shining One

Shops:
D:6 *   D:10 %


Innate Abilities, Weirdness & Mutations

You are small and have problems with some larger weapons.
You are carnivorous and can eat meat at any time.


Message History

Your +3 hand crossbow of venom stops dripping with poison.
b - the +5 short sword of the Jester (weapon)
{pierce, +Rage Dex+4 Stlth+} You closely miss the fire dragon.
The fire dragon is moderately wounded.
The fire dragon completely misses you.
The fire dragon claws you but does no damage.
The fire dragon completely misses you.
You completely miss the fire dragon.
The fire dragon is moderately wounded.
You barely miss the fire dragon.
The fire dragon is moderately wounded.
The fire dragon closely misses you. The fire dragon barely misses you. x2
You closely miss the fire dragon.
The fire dragon is moderately wounded.
You closely miss the fire dragon.
The fire dragon is moderately wounded.
The fire dragon breathes flames at you. The blast of flame hits you!
Ouch! That really hurt!
You die...

#.....##...###'###
#.....##...#.....#
#'######...#.....#
#..........#.....#
#..........'.....# #
#.....######.....#
#..
#######........###
#....#######........#
#........D@.........#
#.<..#(######.......#
#.. #( #.......# # .D
#.......# ..(
#.......# ...(
#....#### ...#(
#....# ..#.#. #....#


You could see a fire dragon.

Vanquished Creatures
  Gastronok (D:9)
  Harold (D:12)
  3 two-headed ogres
  2 centaur warriors (D:13)
  A fire crab (shapeshifter) (D:13)
  An unseen horror (D:12)
  An ugly thing (D:11)
  Pikel (D:7)
  A manticore (D:12)
  A cyclops (D:11)
  Joseph (D:7)
  A centaur zombie (D:12)
  5 trolls
  2 hippogriffs
  A shadow (D:12)
  A spriggan (D:7)
  A wyvern (D:12)
  A steam dragon (D:10)
  3 hungry ghosts
  Menkaure (D:7)
  2 wargs (D:9)
  A water moccasin (D:5)
  An ice beast (D:10)
  A sky beast (D:11)
  10 orc warriors
  A hornet zombie (D:8)
  A necrophage (D:11)
  A phantom (D:6)
  4 centaurs
  6 ogres
  2 big kobolds
  6 bullfrogs
  Blork the orc (D:6)
  A wyvern skeleton (D:8)
  6 scorpions
  14 wights
  6 crimson imps
  5 hounds
  A bullfrog zombie (D:5)
  2 lava snakes (D:11)
  3 jellies
  A quasit (D:13)
  3 centaur skeletons
  7 orc priests
  16 orc wizards
  5 iguanas
  Ijyb (D:3)
  9 worker ants
  Natasha (thrice) (D:3)
  Terence (D:3)
  A hound skeleton (D:4)
  A worker ant zombie (D:7)
  A gnoll (D:3)
  7 adders
  4 shadow imps
  An adder zombie (D:5)
  2 worms
  4 adder skeletons
  5 dart slugs
  6 leopard geckos
  35 orcs
  5 bats
  6 giant cockroaches
  13 goblins
  7 hobgoblins
  12 jackals
  7 quokkas
  3 ball pythons
  7 frilled lizards
  17 kobolds
  2 leopard gecko skeletons
  10 rats
307 creatures vanquished.

Notes
Turn   | Place    | Note
-------+----------+-------------------------------------------
     0 | D:1      | Oravi the Kobold Hunter began the quest for the Orb.
     0 | D:1      | Reached XP level 1. HP: 12/12 MP: 1/1
    97 | D:1      | Reached XP level 2. HP: 17/17 MP: 2/2
   185 | D:1      | Found a snail-covered altar of Cheibriados.
   211 | D:1      | Reached XP level 3. HP: 21/21 MP: 3/3
   828 | D:2      | Reached XP level 4. HP: 26/26 MP: 4/4
  1110 | D:2      | Reached skill level 5 in Dodging
  1117 | D:2      | Reached skill level 1 in Short Blades
  1715 | D:3      | Noticed a hand axe
  1716 | D:3      | Noticed a dagger
  1718 | D:3      | Found a hide-covered altar of Uskayaw.
  1721 | D:3      | Noticed Terence
  1755 | D:3      | Killed Terence
  1755 | D:3      | Reached XP level 5. HP: 30/30 MP: 5/5
  1948 | D:3      | Noticed Natasha
  1951 | D:3      | Killed Natasha
  1951 | D:3      | Reached skill level 5 in Short Blades
  1951 | D:3      | Reached XP level 6. HP: 35/35 MP: 6/6
  2066 | D:3      | Noticed Ijyb
  2081 | D:3      | Killed Ijyb
  2128 | D:3      | Noticed Natasha
  2131 | D:3      | Killed Natasha
  2316 | D:3      | Noticed Natasha
  2329 | D:3      | Killed Natasha
  2490 | D:4      | Reached XP level 7. HP: 32/40 MP: 7/7
  2955 | D:4      | Found a deep blue altar of Sif Muna.
  3392 | D:5      | Entered Level 5 of the Dungeon
  3392 | D:5      | Found a blossoming altar of Fedhas.
  3392 | D:5      | Found an ancient bone altar of Kikubaaqudgha.
  3392 | D:5      | Found a radiant altar of Vehumet.
  3392 | D:5      | Found a bloodstained altar of Trog.
  3392 | D:5      | Found a shadowy altar of Dithmenos.
  3695 | D:5      | Found a hazy altar of Hepliaklqana.
  3723 | D:5      | Reached XP level 8. HP: 44/44 MP: 8/8
  3892 | D:5      | Became a worshipper of Dithmenos the Shadowed
  3933 | D:5      | Reached skill level 10 in Short Blades
  4735 | D:6      | Found a staircase to the Ecumenical Temple.
  4741 | Temple   | Entered the Ecumenical Temple
  4891 | D:6      | Noticed Blork the orc
  4904 | D:6      | Killed Blork the orc
  5046 | D:6      | Found a basalt altar of Yredelemnul.
  5177 | D:6      | Found a shattered altar of Ashenzari.
  5330 | D:6      | Reached skill level 5 in Crossbows
  5441 | D:6      | Reached * piety under Dithmenos
  5453 | D:6      | Reached skill level 2 in Stealth
  5516 | D:6      | Found Lyngul's Assorted Antiques.
  5837 | D:6      | Noticed a hippogriff
  5850 | D:6      | Reached XP level 9. HP: 40/49 MP: 9/9
  5864 | D:6      | Killed a hippogriff
  5864 | D:6      | Reached skill level 1 in Armour
  5864 | D:6      | Reached skill level 3 in Stealth
  6414 | D:6      | Reached skill level 4 in Stealth
  6531 | D:6      | Got a dazzling short sword
  6532 | D:6      | Identified the +5 short sword of the Jester {pierce, +Rage Dex+4 Stlth+} (You found it on level 6 of the Dungeon)
  6605 | D:7      | Found an opulent altar of Gozag.
  6605 | D:7      | Noticed Joseph
  6642 | D:7      | Killed Joseph
  6715 | D:7      | Reached skill level 5 in Stealth
  6742 | D:7      | Noticed Menkaure
  7216 | D:7      | Noticed Pikel
  7243 | D:7      | Killed Pikel
  7243 | D:7      | Reached XP level 10. HP: 38/57 MP: 10/10
  7375 | D:7      | Killed Menkaure
  7375 | D:7      | Reached skill level 6 in Stealth
  7629 | D:7      | Found a glowing silver altar of Zin.
  7696 | D:7      | Reached skill level 5 in Fighting
  8037 | D:8      | Reached skill level 7 in Stealth
  8044 | D:8      | Reached ** piety under Dithmenos
  8064 | D:8      | Found a stormy altar of Qazlal.
  8292 | D:8      | Noticed a two-headed ogre
  8304 | D:8      | Killed a two-headed ogre
  8304 | D:8      | Reached skill level 8 in Stealth
  8435 | D:8      | Found an iron altar of Okawaru.
  8750 | D:9      | Noticed Gastronok
  8786 | D:9      | Killed Gastronok
  8786 | D:9      | Reached skill level 10 in Stealth
  8786 | D:9      | Reached skill level 1 in Evocations
  8786 | D:9      | Reached XP level 11. HP: 57/64 MP: 10/12
  9047 | D:9      | Reached skill level 11 in Stealth
  9562 | D:9      | Found a staircase to the Lair.
  9850 | D:10     | Entered Level 10 of the Dungeon
  9954 | D:10     | Noticed a two-headed ogre
  9959 | D:10     | Killed a two-headed ogre
  9959 | D:10     | Reached skill level 10 in Crossbows
 10067 | D:10     | Found Lemm's Food Boutique.
 10694 | D:10     | Found a staircase to the Orcish Mines.
 11096 | D:10     | Reached skill level 12 in Stealth
 11757 | D:11     | Got a heavily runed bone ring
 11763 | D:11     | Noticed a cyclops
 11770 | D:11     | Killed a cyclops
 11849 | D:11     | Reached XP level 12. HP: 63/73 MP: 13/13
 11913 | D:11     | Noticed a two-headed ogre
 12005 | D:11     | Killed a two-headed ogre
 12237 | D:11     | Identified the ring "Koskahy" {rC+ Dex+4} (You took it off an orc on level 11 of the Dungeon)
 12391 | D:12     | Noticed Harold
 12685 | D:12     | Killed Harold
 13320 | D:12     | HP: 3/114 [acid (7)]
 14290 | D:12     | Killed an unseen horror
 14481 | D:13     | Noticed a centaur warrior
 14488 | D:13     | Killed a centaur warrior
 14488 | D:13     | Reached skill level 10 in Fighting
 14488 | D:13     | Reached skill level 13 in Stealth
 14591 | D:13     | Noticed a centaur warrior
 14596 | D:13     | Killed a centaur warrior
 14834 | D:13     | Reached skill level 10 in Dodging
 14880 | D:13     | Got a shimmering leather armour
 14891 | D:13     | Identified the +0 leather armour "Xuosif" {rF+ rN+ Dex+6} (You found it on level 13 of the Dungeon)
 14940 | D:13     | Noticed a fire crab
 14947 | D:13     | Killed a fire crab
 14960 | D:13     | Noticed a fire dragon
 14976 | D:13     | Killed from afar by a fire dragon

Vault maps used:
D:1:      lightli_arrival_quake, cheibriados_altar_1
D:3:      dancing_weapons_uskayaw, first_ration, uniq_natasha, uniq_ijyb,
          uniq_terence
D:4:      kennysheep_little_box, kennysheep_dice
D:5:      nicolae_overflow_crystal_walls, grunt_temple_overflow_open
D:6:      cheibrodos_barr_body, yredelemnul_altar_generic,
          minmay_temple_entry_statues_pillars, serial_shops,
          nicolae_shop_overgrown_old_shop, basic_altar, uniq_blork_the_orc
D:7:      kennysheep_mini, nicolae_gozag_seed_capital, the_bakery,
          uniq_menkaure, uniq_joseph, uniq_pikel
D:8:      overflow_temple_1_default, okawaru_metal_pillars_1_2
D:9:      erik_lair_orcish_takeover, uniq_gastronok
D:10:     david_orc_4, serial_shops, shop
D:11:     disabler_island
D:12:     uniq_harold
D:13:     david_vaults_4
Temple:   kb_temple_of_zot

Skill      XL: |  1  2  3  4  5  6  7  8  9 10 11 12 |
---------------+-------------------------------------+-----
Dodging        | 3 4 5 6 7 10 | 10.3
Short Blades   | 3 5 7 9 11 12 | 12.1
Crossbows      | 5 7 9 10 | 10.1
Stealth        | 2 5 10 12 13 | 13.1
Armour         | 2 3 |  3.1
Fighting       | 4 6 8 10 | 10.3
Evocations     | 1 2 |  2.8

Action                   |  1- 3 |  4- 6 |  7- 9 | 10-12 || total
-------------------------+-------+-------+-------+-------++-------
Melee: Short sword       |     4 |    50 |   106 |   308 ||   468
       Dagger            |       |       |   281 |       ||   281
 Fire: Hand crossbow     |    61 |    86 |   164 |   379 ||   690
 Abil: Evoke Berserk Rag |       |       |       |     4 ||     4
  Use: Scroll            |       |     2 |     4 |    18 ||    24
       Potion            |       |     3 |     5 |     7 ||    15
 Stab: Sleeping          |       |       |       |    11 ||    11
       Distracted        |       |       |       |     2 ||     2
  Eat: Chunk             |     7 |     6 |    14 |    33 ||    60
Armor: Leather armour    |     4 |    14 |    48 |     2 ||    68
       Robe              |       |       |       |     7 ||     7
       Steam dragon scal |       |       |       |    36 ||    36
Dodge: Dodged            |    13 |    43 |   227 |   337 ||   620

Table legend:
 A = Spawn XP
 B = Non-spawn XP
 C = Spawn XP percentage of total XP
 D = Spawn monster count
 E = Non-spawn monster count
 F = Spawn count percentage of total count
 G = Total turns spent on level
                    A         B        C        D         E        F      G
               +---------+---------+-------+---------+---------+-------+---------
         Total |       0 |   25640 |   0.0 |       0 |     307 |   0.0 | 14976
               +---------+---------+-------+---------+---------+-------+---------
           D:1 |       0 |      61 |   0.0 |       0 |      31 |   0.0 |   878
           D:2 |       0 |      59 |   0.0 |       0 |      27 |   0.0 |   739
           D:3 |       0 |     390 |   0.0 |       0 |      31 |   0.0 |   915
           D:4 |       0 |     440 |   0.0 |       0 |      18 |   0.0 |  1089
           D:5 |       0 |     474 |   0.0 |       0 |      21 |   0.0 |  1247
           D:6 |       0 |    1163 |   0.0 |       0 |      22 |   0.0 |  2068
           D:7 |       0 |    2469 |   0.0 |       0 |      22 |   0.0 |   916
           D:8 |       0 |    1761 |   0.0 |       0 |      24 |   0.0 |   866
           D:9 |       0 |    3870 |   0.0 |       0 |      19 |   0.0 |  1076
          D:10 |       0 |    3235 |   0.0 |       0 |      33 |   0.0 |  1546
          D:11 |       0 |    3821 |   0.0 |       0 |      21 |   0.0 |  1435
          D:12 |       0 |    4625 |   0.0 |       0 |      32 |   0.0 |  1564
          D:13 |       0 |    3272 |   0.0 |       0 |       6 |   0.0 |   531
               +---------+---------+-------+---------+---------+-------+---------
